 Dungeon Crawl Stone Soup version 0.28.0-45-g0d030f2227 (webtiles) character file.

Game seed: 11913015608739635268

406 Ablot the Cutter (level 6, -17/53 HPs)
             Began as a Gnoll Chaos Knight on Apr 22, 2022.
             Was a Plaything of Xom.
             Demolished by an alligator (glowing shapeshifter) (26 damage)
             ... on level 4 of the Dungeon.
             The game lasted 00:05:27 (3249 turns).

Ablot the Cutter (Gnoll Chaos Knight)               Turns: 3249, Time: 00:05:28

Health: -17/53     AC: 12    Str: 19    XL:     6   Next: 87%
Magic:  9/9        EV: 12    Int: 12    God:    Xom [...*..]
Gold:   137        SH:  0    Dex: 11    Spells: 9/9 levels left

rFire   + . .      SeeInvis .   a - +0 short sword (chaos)
rCold   . . .      Faith    .   (no shield)
rNeg    . . .      Spirit   .   m - +2 leather armour of the Tormentor {rF+ Regen+}
rPois   .          Reflect  .   e - +0 helmet
rElec   .          Harm     .   t - +0 cloak
rCorr   .          Rampage  .   (no gloves)
Will    .....                   (no boots)
Stlth   ++........              (no amulet)
HPRegen 0.97/turn               n - +4 ring of protection
MPRegen 0.11/turn               b - +6 ring of strength

@: no status effects
A: fangs 1, strong nose, distributed training
a: Renounce Religion


You were on level 4 of the Dungeon.
You worshipped Xom.
You were a favourite toy of Xom.
You visited 1 branch of the dungeon, and saw 4 of its levels.

You collected 137 gold pieces.

Inventory:

Hand Weapons
 a - a +0 short sword of chaos (weapon)
 o - the +2 longbow "Wyuseh" {flame, rN+ Int-5 Dex+3 Stlth+}
   (You found it on level 2 of the Dungeon)

   Any ammunition fired from it burns those it strikes, dealing additional fire
   damage.
   Int:       It affects your intelligence (-5).
   Dex:       It affects your dexterity (+3).
   rN:        It protects you from negative energy.
   Stlth:     It makes you more stealthy.
 s - a +2 quarterstaff of chaos
 y - a +3 trident
Missiles
 i - 30 bolts
 j - 59 stones (quivered)
 q - 19 arrows
 u - 4 boomerangs
Armour
 e - a +0 helmet (worn)
 m - the +2 leather armour of the Tormentor (worn) {rF+ Regen+}
   (You took it off a goblin on level 2 of the Dungeon)

   rF:        It protects you from fire.
   Regen:     It increases your rate of health regeneration.
 t - a +0 cloak (worn)
Jewellery
 b - a +6 ring of strength (right hand)
 h - a ring of positive energy
 n - a +4 ring of protection (left hand)
 z - a ring of flight
Wands
 r - a wand of polymorph (4)
Scrolls
 d - 2 scrolls of teleportation {unknown}
 f - a scroll of silence {unknown}
 g - 3 scrolls of identify {unknown}
 l - 3 scrolls of vulnerability {unknown}
Potions
 c - 3 potions of curing {unknown}
 k - a potion of flight {unknown}
 p - a potion of brilliance {unknown}
 v - a potion of invisibility {unknown}
 w - a potion of might {unknown}
 x - 2 potions of lignification {unknown}


   Skills:
 + Level 6.9 Fighting
 + Level 6.9 Short Blades
 + Level 2.1 Long Blades
 + Level 2.1 Axes
 + Level 2.1 Maces & Flails
 + Level 2.1 Polearms
 + Level 2.1 Staves
 + Level 2.1 Slings
 + Level 2.1 Bows
 + Level 2.1 Crossbows
 + Level 2.1 Throwing
 + Level 5.0 Armour
 + Level 3.3 Dodging
 + Level 2.1 Stealth
 + Level 2.1 Shields
 + Level 2.1 Unarmed Combat
 + Level 2.1 Spellcasting
 + Level 1.7 Conjurations
 + Level 1.7 Hexes
 + Level 1.7 Summonings
 + Level 1.7 Necromancy
 + Level 1.7 Translocations
 + Level 1.7 Transmutations
 + Level 1.7 Fire Magic
 + Level 1.7 Ice Magic
 + Level 1.7 Air Magic
 + Level 1.7 Earth Magic
 + Level 1.7 Poison Magic
 + Level 2.3 Invocations
 + Level 2.1 Evocations


You had 9 spell levels left.
You didn't know any spells.
Your spell library contained the following spells:

 Spells                   Type           Power      Damage    Failure   Level
 Conjure Flame            Conj/Fire      5%         6-21      41%         3
 Ignite Poison            Fire/Tmut/Pois 5%         N/A       41%         3
 Sticky Flame             Conj/Fire      5%         2d3       83%         4


Dungeon Overview and Level Annotations

Branches:
Dungeon (4/15)
 Temple: D:4-7

Altars:
Kikubaaqudgha
Makhleb
Sif Muna
Vehumet


Innate Abilities, Weirdness & Mutations

You have very sharp teeth.
Your uncanny sense of smell can sniff out nearby items.
Your experience applies equally to all skills.


Message History

You puncture the slime creature!
Space warps around the slime creature.
You bite the slime creature.
The slime creature is severely wounded.
Your quasit bites the slime creature.
Your quasit claws the slime creature but does no damage.
Your quasit claws the slime creature.
The slime creature hits you but does no damage.
You hit the slime creature.
The slime creature is almost dead.
The slime creature changes into an alligator!
Your quasit misses the alligator.
Your quasit closely misses the alligator.
Your quasit claws the alligator but does no damage.
Unknown command.
You hit the alligator.
The alligator goes berserk!
Xom thinks this is hilarious!
You bite the alligator.
The alligator is lightly wounded.
Your quasit bites the alligator.
Your quasit closely misses the alligator.
Your quasit claws the alligator but does no damage.
The alligator completely misses you. The alligator barely misses you.
You hit the alligator but do no damage.
The alligator is lightly wounded.
Your quasit bites the alligator but does no damage.
Your quasit claws the alligator but does no damage. x2
The alligator barely misses your quasit.
The alligator tail-slaps your quasit! The alligator bites your quasit!!
Your quasit dies!
Your quasit disappears in a puff of smoke!
You hit the alligator. You burn the alligator.
The alligator is lightly wounded.
The alligator bites you!!!
Ouch! That really hurt!
* * * LOW HITPOINT WARNING * * *
Xom thinks this is hilarious!
You emit a cloud of colourful smoke!
The alligator barely misses you. The alligator bites you!!
You die...
Xom snickers!

,,*##......... * #*
, ** #.†####.#
###..∆, #...# *,*
#######....# ##†#.#
* #.......# *
###..#.# *,*
#.....>.# #5..##.#
, #......## #§###
.# *, ........#
###t# .# #.......##
#§@§# *.# *
#........######§###
.# *
#......#...#..§.# *
#......###...####
#####......†.##
..###.........#
.........###...#
#...####....#.....
..#..# ####.......


You could see an alligator shaped shifter (berserk, ally target) and a friendly
shadow imp (summoned).

Vanquished Creatures
  An ogre (D:4)
  A hound (D:3)
  Crazy Yiuf (D:2)
  An iguana (D:4)
  A bullfrog skeleton (D:4)
  3 orc wizards (D:3)
  A killer bee zombie (D:4)
  An adder (D:2)
  A worm (D:3)
  2 dart slugs
  13 orcs (D:4)
  6 endoplasms
  A giant cockroach (D:1)
  7 goblins
  4 hobgoblins
  14 jackals
  6 quokkas
  5 ball pythons
  2 bats (D:1)
  2 frilled lizards (D:3)
  3 kobolds (D:1)
  6 rats
82 creatures vanquished.

Notes
Turn   | Place    | Note
-------+----------+-------------------------------------------
     0 | D:1      | Ablot the Gnoll Chaos Knight began the quest for the Orb.
     0 | D:1      | Reached XP level 1. HP: 23/23 MP: 1/1
   115 | D:1      | XOM: divination: detect creatures
   120 | D:1      | XOM: silly message
   130 | D:1      | Reached XP level 2. HP: 13/29 MP: 2/2
   347 | D:1      | XOM: silly message
   426 | D:1      | XOM: divination: detect creatures
   636 | D:1      | XOM: noise
   827 | D:1      | XOM: cloud trail
  1080 | D:2      | Identified the +2 leather armour of the Tormentor {rF+
                  | Regen+}
  1085 | D:2      | Reached XP level 3. HP: 35/35 MP: 2/4
  1157 | D:2      | XOM: divination: detect items
  1228 | D:2      | Identified the +2 longbow "Wyuseh" {flame, rN+ Int-5 Dex+3
                  | Stlth+}
  1394 | D:2      | XOM: noise
  1403 | D:2      | Reached skill level 1 in Invocations
  1697 | D:2      | Found a runed translucent door.
  1698 | D:2      | Noticed Crazy Yiuf
  1765 | D:2      | Killed Crazy Yiuf
  1766 | D:2      | Reached skill level 1 in Long Blades
  1766 | D:2      | Reached skill level 1 in Axes
  1766 | D:2      | Reached skill level 1 in Maces & Flails
  1766 | D:2      | Reached skill level 1 in Polearms
  1766 | D:2      | Reached skill level 1 in Staves
  1766 | D:2      | Reached skill level 1 in Slings
  1766 | D:2      | Reached skill level 1 in Bows
  1766 | D:2      | Reached skill level 1 in Crossbows
  1766 | D:2      | Reached skill level 1 in Throwing
  1766 | D:2      | Reached skill level 1 in Stealth
  1766 | D:2      | Reached skill level 1 in Shields
  1766 | D:2      | Reached skill level 1 in Unarmed Combat
  1766 | D:2      | Reached skill level 1 in Spellcasting
  1766 | D:2      | Reached skill level 1 in Evocations
  1766 | D:2      | Reached XP level 4. HP: 41/41 MP: 5/5
  1811 | D:2      | XOM: cloud trail
  1851 | D:3      | XOM: silly message
  1893 | D:3      | XOM: silly message
  1999 | D:3      | Found a burning altar of Makhleb.
  2001 | D:3      | Noticed an Executioner
  2175 | D:3      | Reached skill level 1 in Conjurations
  2175 | D:3      | Reached skill level 1 in Hexes
  2175 | D:3      | Reached skill level 1 in Summonings
  2175 | D:3      | Reached skill level 1 in Necromancy
  2175 | D:3      | Reached skill level 1 in Translocations
  2175 | D:3      | Reached skill level 1 in Transmutations
  2175 | D:3      | Reached skill level 1 in Fire Magic
  2175 | D:3      | Reached skill level 1 in Ice Magic
  2175 | D:3      | Reached skill level 1 in Air Magic
  2175 | D:3      | Reached skill level 1 in Earth Magic
  2175 | D:3      | Reached skill level 1 in Poison Magic
  2403 | D:3      | Found an ancient bone altar of Kikubaaqudgha.
  2414 | D:3      | Reached XP level 5. HP: 47/47 MP: 6/6
  2419 | D:3      | Found a shimmering blue altar of Sif Muna.
  2450 | D:3      | Found a radiant altar of Vehumet.
  2738 | D:3      | XOM: divination: detect creatures
  2945 | D:4      | XOM: silly message
  2947 | D:4      | XOM: divination: magic mapping
  2953 | D:4      | Reached XP level 6. HP: 51/53 MP: 8/8
  3004 | D:4      | Reached skill level 5 in Armour
  3006 | D:4      | XOM: potion effect (curing)
  3206 | D:4      | Noticed a glowing shapeshifter
  3206 | D:4      | a jackal changed into a glowing shapeshifter
  3206 | D:4      | Noticed a moth of wrath
  3206 | D:4      | a glowing shapeshifter changed into a moth of wrath
  3213 | D:4      | XOM: divination: magic mapping
  3214 | D:4      | Noticed a swamp dragon
  3214 | D:4      | a moth of wrath changed into a swamp dragon
  3221 | D:4      | Noticed a shock serpent
  3221 | D:4      | a swamp dragon changed into a shock serpent
  3222 | D:4      | Noticed a steelbarb worm
  3222 | D:4      | a shock serpent changed into a steelbarb worm
  3229 | D:4      | XOM: divination: detect items
  3230 | D:4      | Noticed a glowing shapeshifter
  3230 | D:4      | a steelbarb worm changed into a glowing shapeshifter
  3230 | D:4      | Noticed a water nymph
  3230 | D:4      | a glowing shapeshifter changed into a water nymph
  3232 | D:4      | XOM: summons 2 friendly demons
  3236 | D:4      | Noticed a glowing orange brain
  3236 | D:4      | a water nymph changed into a glowing orange brain
  3242 | D:4      | Noticed a slime creature
  3242 | D:4      | a glowing orange brain changed into a slime creature
  3245 | D:4      | Noticed an alligator
  3245 | D:4      | a slime creature changed into an alligator
  3248 | D:4      | XOM: smoke on damage
  3249 | D:4      | Demolished by an alligator (glowing shapeshifter)

Illustrated notes

Levels and vault maps discovered:
D:1:      lightli_arrival_flooded_house, layout_loops_ring
D:2:      layout_loops_ring, kennysheep_generic_room_14, uniq_crazy_yiuf_cottage
D:3:      layout_loops_corners, palyth_temple_overflow_mages,
          makhleb_altar_promises_db
D:4:      layout_rooms, lemuel_coloured_pillars_altar

Skill      XL: |  1  2  3  4  5  6 |
---------------+-------------------+-----
Invocations    | 1 2 |  2.3
Long Blades    | 1 2 |  2.1
Axes           | 1 2 |  2.1
Maces & Flails | 1 2 |  2.1
Polearms       | 1 2 |  2.1
Staves         | 1 2 |  2.1
Slings         | 1 2 |  2.1
Bows           | 1 2 |  2.1
Crossbows      | 1 2 |  2.1
Throwing       | 1 2 |  2.1
Stealth        | 1 2 |  2.1
Shields        | 1 2 |  2.1
Unarmed Combat | 1 2 |  2.1
Spellcasting   | 1 2 |  2.1
Evocations     | 1 2 |  2.1
Conjurations   | 1 |  1.7
Hexes          | 1 |  1.7
Summonings     | 1 |  1.7
Necromancy     | 1 |  1.7
Translocations | 1 |  1.7
Transmutations | 1 |  1.7
Fire Magic     | 1 |  1.7
Ice Magic      | 1 |  1.7
Air Magic      | 1 |  1.7
Earth Magic    | 1 |  1.7
Poison Magic   | 1 |  1.7
Dodging        | 3 |  3.3
Armour         | 5 |  5.0
Fighting       | |  6.9
Short Blades   | |  6.9

Action                   |  1- 3 |  4- 6 || total
-------------------------+-------+-------++-------
Melee: Short sword       |   102 |   230 ||   332
       Bite              |     9 |    18 ||    27
       Punch             |       |     2 ||     2
Throw: Stone             |     1 |       ||     1
Evoke: Wand              |       |     1 ||     1
 Stab: Sleeping          |     1 |     3 ||     4
       Distracted        |       |     1 ||     1
       Confused          |       |     1 ||     1
Armor: Leather armour    |    25 |    90 ||   115
       Skin              |     5 |       ||     5
Dodge: Dodged            |    40 |   124 ||   164
